 Dungeon Crawl Stone Soup version 0.21.0-37-g46506fa (webtiles) character file.

3124 Kurtz the Carver (level 9, -5/62 HPs)
             Began as an Octopode Abyssal Knight on Feb 1, 2018.
             Was an Elder of Lugonu.
             Killed from afar by pokedragonboy's ghost (20 damage)
             ... with a spray of energy
             ... on level 8 of the Dungeon.
             The game lasted 00:16:19 (10536 turns).

Kurtz the Carver (Octopode Abyssal Knight)         Turns: 10536, Time: 00:16:19

Health: -5/62      AC:  1    Str: 12    XL:     9   Next: 91%
Magic:  19/19      EV: 15    Int: 14    God:    Lugonu [****..]
Gold:   320        SH:  0    Dex: 14    Spells: 0/8 levels left

rFire    . . .     SeeInvis +   e - +2 great sword (holy)
rCold    . . .     Gourm    .   (shield currently unavailable)
rNeg     . . .     Faith    .   (helmet restricted)
rPois    .         Spirit   .   (no amulet)
rElec    .         Reflect  .   i - ring of magical power
rCorr    .         Harm     .   q - ring of wizardry
MR       .....                  C - ring of see invisible
Stlth    ++++......             (no ring)
HPRegen  0.20/turn              (no ring)
MPRegen  0.16/turn              (no ring)
                                (no ring)
                                (no ring)

@: no status effects
A: almost no armour, stealthy swim, amphibious, 8 rings, constrict 8, camouflage
1, gelatinous body 1
a: Depart the Abyss, Bend Space, Banish, Corrupt, Renounce Religion


You were on level 8 of the Dungeon.
You worshipped Lugonu.
Lugonu was greatly pleased with you.
You were not hungry.

You visited 1 branch of the dungeon, and saw 8 of its levels.
You visited the Abyss 1 time.

You collected 320 gold pieces.

Inventory:

Hand Weapons
 a - a +1 falchion
 e - a +2 great sword of holy wrath (weapon)
 f - a +0 whip of venom
 j - a +3 scimitar
 v - the +4 Vampire's Tooth {vamp}
   (You found it on level 5 of the Dungeon)

   It inflicts no extra harm, but heals its wielder when it wounds a living foe.
Missiles
 l - 115 stones (quivered)
 u - 2 tomahawks
Magical Staves
 w - an uncursed staff of cold
Jewellery
 i - a ring of magical power (left tentacle)
 q - a ring of wizardry (right tentacle)
 C - a ring of see invisible (on tentacle)
Wands
 D - a wand of polymorph (7)
Scrolls
 c - a scroll of random uselessness {unknown}
 g - a scroll of enchant weapon
 k - 3 scrolls of fear
 n - a scroll of immolation
 p - 3 scrolls of fog
 s - a scroll of magic mapping {unknown}
 t - a scroll of brand weapon {unknown}
 y - a scroll of noise {unknown}
 A - a scroll of remove curse
 B - a scroll of teleportation {unknown}
 E - a scroll of identify
 F - a scroll of amnesia
Potions
 d - 5 potions of magic
 h - a potion of mutation
 o - 2 potions of heal wounds
 x - a potion of cancellation
 z - a potion of lignification
 I - a potion of degeneration {unknown}
Books
 r - a book of Air

   Spells                             Type                      Level
   a - Shock                          Conjuration/Air              1
   b - Swiftness                      Charms/Air                   2
   c - Static Discharge               Conjuration/Air              3
   d - Airstrike                      Air                          4
   e - Lightning Bolt                 Conjuration/Air              5
 G - a book of Battle

   Spells                             Type                      Level
   a - Infusion                       Charms                       1
   b - Shroud of Golubria             Charms/Translocation         2
   c - Song of Slaying                Charms                       2
   d - Spectral Weapon                Hexes/Charms                 3
   e - Regeneration                   Charms/Necromancy            3
 H - a book of Callings

   Spells                             Type                      Level
   a - Summon Small Mammal            Summoning                    1
   b - Call Imp                       Summoning                    2
   c - Call Canine Familiar           Summoning                    3
   d - Summon Guardian Golem          Hexes/Summoning              3
   e - Summon Lightning Spire         Summoning/Air                4
   f - Summon Ice Beast               Ice/Summoning                4
Comestibles
 b - 8 rations
 m - 2 chunks of flesh


   Skills:
 * Level 6.2 Fighting
 * Level 11.0 Long Blades
 * Level 4.8 Dodging
 + Level 4.8 Stealth
 * Level 0.4 Charms
 * Level 2.2 Invocations


You couldn't memorise any spells.
You knew the following spells:

 Your Spells              Type           Power        Failure   Level  Hunger
a - Swiftness             Chrm/Air       #.......     16%         2    ###....
b - Shock                 Conj/Air       #...         12%         1    ##.....
c - Infusion              Chrm           #...         10%         1    ##.....
d - Song of Slaying       Chrm           #.......     16%         2    ###....
e - Shroud of Golubria    Chrm/Tloc      #.........   16%         2    ###....


Dungeon Overview and Level Annotations

Branches:
Dungeon (8/15)             Temple (0/1) D:6
   Lair: D:8-11

Altars:
Dithmenos
Gozag
Qazlal
Uskayaw
Vehumet
Yredelemnul

Annotations:
D:8 pokedragonboy's ghost, novice DECj


Innate Abilities, Weirdness & Mutations

You cannot wear most types of armour.
You are very stealthy in the water. (Stealth+)
You are amphibious.
You can wear up to eight rings at the same time.
You can use your tentacles to constrict eight enemies at once.
Your skin changes colour to match your surroundings (Stealth+).
Your rubbery body absorbs attacks. (AC +1, EV +1)


Message History

Pokedragonboy's ghost gestures at you while chanting.
The lance of force hits you!
You are knocked back by the lance of force.
You slam into the rock wall!
Unknown command.
Pokedragonboy's ghost barely misses you.
You barely miss pokedragonboy's ghost.
Pokedragonboy's ghost is severely damaged.
Pokedragonboy's ghost hits you.
* * * LOW HITPOINT WARNING * * *
You closely miss pokedragonboy's ghost. You squeeze pokedragonboy's ghost.
Pokedragonboy's ghost is almost destroyed.
Pokedragonboy's ghost hits you.
* * * LOW HITPOINT WARNING * * *
You closely miss pokedragonboy's ghost.
Pokedragonboy's ghost is almost destroyed.
Pokedragonboy's ghost whispers, "Meet the emptiness of death!"
Pokedragonboy's ghost points at you and mumbles some strange words.
The spray of energy hits you!
You die...

##############
####
.............#
#..
#########.##.#
#W# #.##.###@#
#.##.....#
#.######## #.#
#.. ###


You could see pokedragonboy's ghost.

Vanquished Creatures
  A hippogriff (D:7)
  Prince Ribbit (D:7)
  Sigmund (D:6)
  The ghost of TheDoctor the Cudgeler, an amateur OgBe of Trog (D:4)
  A hungry ghost (D:7)
  Edmund (D:6)
  An ice beast (D:7)
  A sky beast (D:6)
  2 phantoms
  2 ogres
  A centaur (D:7)
  2 bullfrogs
  4 killer bees (D:7)
  4 wights (D:5)
  2 vampire bats (D:5)
  2 crimson imps
  7 hounds
  A bullfrog skeleton (D:4)
  5 orc wizards
  5 orc priests
  4 iguanas
  2 worker ants
  A hound zombie (D:6)
  Robin (D:3)
  2 howler monkey skeletons
  11 adders
  An adder skeleton (D:6)
  3 adder zombies
  A worm (D:3)
  3 dart slugs
  11 leopard geckos
  25 orcs
  16 bats
  6 giant cockroaches
  2 gnoll zombies (D:6)
  8 hobgoblins
  6 jackals
  8 kobolds
  3 quokkas
  A ball python (D:4)
  8 frilled lizards
  15 goblins
  A leopard gecko skeleton (D:5)
  13 rats
197 creatures vanquished.

Notes
Turn   | Place    | Note
-------+----------+-------------------------------------------
     0 | Abyss:1  | Kurtz the Octopode Abyssal Knight began the quest for the Orb.
     0 | Abyss:1  | Reached XP level 1. HP: 16/16 MP: 2/2
    25 | Abyss:2  | Noticed a large abomination
    74 | Abyss:2  | Noticed a large abomination
    92 | D:1      | Escaped the Abyss
   262 | D:1      | Reached XP level 2. HP: 21/21 MP: 3/3
   576 | D:1      | Reached skill level 3 in Long Blades
   580 | D:1      | Reached * piety under Lugonu
   848 | D:1      | Reached XP level 3. HP: 24/26 MP: 4/4
  1496 | D:2      | Reached skill level 4 in Long Blades
  1514 | D:2      | Reached ** piety under Lugonu
  1695 | D:2      | Reached XP level 4. HP: 31/31 MP: 5/5
  2489 | D:3      | Noticed Robin
  2523 | D:3      | Killed Robin
  2728 | D:3      | Reached skill level 5 in Long Blades
  2728 | D:3      | Reached XP level 5. HP: 29/36 MP: 6/6
  2803 | D:3      | Reached *** piety under Lugonu
  3278 | D:3      | Found an opulent altar of Gozag.
  3278 | D:3      | Found a stormy altar of Qazlal.
  3403 | D:2      | Reached skill level 6 in Long Blades
  3403 | D:2      | Reached XP level 6. HP: 28/42 MP: 7/7
  3683 | D:3      | Found a hide-covered altar of Uskayaw.
  3683 | D:3      | Found a radiant altar of Vehumet.
  4357 | D:3      | Reached skill level 7 in Long Blades
  4357 | D:3      | Reached XP level 7. HP: 20/46 MP: 8/8
  4615 | D:4      | Found a shadowy altar of Dithmenos.
  4616 | D:4      | Noticed TheDoctor's ghost (amateur OgBe)
  4623 | D:5      | Entered Level 5 of the Dungeon
  5326 | D:4      | Reached **** piety under Lugonu
  6326 | D:4      | Reached skill level 1 in Stealth
  6892 | D:5      | Reached skill level 8 in Long Blades
  6892 | D:5      | Reached XP level 8. HP: 45/54 MP: 9/9
  7061 | D:5      | Found the +4 Vampire's Tooth {vamp}
  7239 | D:5      | Noticed a two-headed ogre
  7308 | D:4      | Killed TheDoctor's ghost
  7468 | D:6      | You fall through a shaft for 2 floors!
  7553 | D:8      | Reached skill level 9 in Long Blades
  7951 | D:7      | Learned a level 2 spell: Swiftness
  7973 | D:6      | Learned a level 1 spell: Shock
  8022 | D:6      | Noticed Edmund
  8030 | D:6      | Killed Edmund
  8037 | D:6      | Found a staircase to the Ecumenical Temple.
  8137 | D:6      | Reached skill level 5 in Fighting
  8140 | D:6      | Reached XP level 9. HP: 58/61 MP: 10/10
  8195 | D:6      | Noticed Sigmund
  8514 | D:6      | Killed Sigmund
  8514 | D:6      | Reached skill level 10 in Long Blades
  8983 | D:6      | Found a basalt altar of Yredelemnul.
 10047 | D:7      | Learned a level 1 spell: Infusion
 10050 | D:7      | Learned a level 2 spell: Song of Slaying
 10066 | D:7      | Learned a level 2 spell: Shroud of Golubria
 10088 | D:7      | Noticed Prince Ribbit
 10134 | D:7      | Killed Prince Ribbit
 10134 | D:7      | Reached skill level 11 in Long Blades
 10529 | D:8      | Noticed pokedragonboy's ghost (novice DECj)
 10536 | D:8      | Killed from afar by pokedragonboy's ghost

Skill      XL: |  1  2  3  4  5  6  7  8  9 |
---------------+----------------------------+-----
Long Blades    | 3 4 5 6 7 8 9 11 | 11.0
Stealth        | 1 3 4 |  4.8
Dodging        | 3 4 |  4.8
Fighting       | 4 5 6 |  6.2
Charms         | |  0.4
Invocations    | |  2.2

Action                   |  1- 3 |  4- 6 |  7- 9 || total
-------------------------+-------+-------+-------++-------
Melee: Great sword       |    62 |   120 |   113 ||   295
       Constrict         |    18 |    44 |    51 ||   113
       Tentacles         |     9 |    20 |    47 ||    76
       Whip              |       |       |     2 ||     2
       Scimitar          |       |       |    94 ||    94
Throw: Stone             |       |     5 |    12 ||    17
       Tomahawk          |       |       |    28 ||    28
 Cast: Shroud of Golubri |       |       |     2 ||     2
       Infusion          |       |       |     2 ||     2
Invok: Depart the Abyss  |     1 |       |       ||     1
       Bend Space        |       |       |     7 ||     7
  Use: Scroll            |       |     3 |     8 ||    11
       Potion            |       |     2 |     4 ||     6
 Stab: Sleeping          |    11 |     2 |    12 ||    25
       Distracted        |       |     1 |       ||     1
  Eat: Chunk             |     2 |     9 |    17 ||    28
       Ration            |       |       |     1 ||     1
Armor: Skin              |     1 |    10 |     6 ||    17
Dodge: Dodged            |    49 |   121 |   122 ||   292
       Rpst.: Great sword |    16 |    38 |    28 ||    82
       Scimitar          |       |       |    24 ||    24
